AoeStats
← djcybermyth

Arena

507816337Analyzed
4v4 RM · 12d ago on Sep 19, 2026· 51m 22s· 8 players
Game mode
Random Map
Map size
Large (8 player)
Population
200
Speed
Normal
Resources
Standard
Victory
Conquest
Starting age
Dark Age
Ending age
Imperial Age
RankedLock teamsTeams togetherTeam positionsShared explorationLock speedFull tech treeHidden civsTurbo modeCheats
Victory
Defeat
🇨🇴 Bohemians · Colombia
930
+10
🇨🇳 Malians · China
911
+10
🇺🇸 Teutons · United States
857
+12
🇺🇸 Malians · United States
815
+14
🇺🇸 Turks · United States
819
-13
🇺🇸 Wei · United States
799
-12
🇺🇸 Wu · United States
783
-12
🇺🇸 Teutons · United States
719
-9
Zukomazi
12:27 Feudal Age
14:43 Double-Bit Axe
17:19 Castle Age
15:34 Horse Collar
16:06 Loom
16:07 Town Watch
16:11 Loom
16:23 Gold Mining
18:22 Bow Saw
18:15 Heavy Plow
22:12 Forging
22:05 Scale Mail Armor
22:40 Pikeman
25:55 Chain Mail Armor
31:38 Elite Skirmisher
33:43 Fletching
38:27 Bodkin Arrow
38:33 Padded Archer Armor
40:42 Wheelbarrow
40:58 Ballistics
44:08 Imperial Age
44:24 Iron Casting
44:05 Leather Archer Armor
44:49 Squires
45:40 Conscription
48:20 Arson
48:49 Capped Ram
xxyvonnederful
11:37 Feudal Age
15:31 Castle Age
14:27 Double-Bit Axe
14:25 Horse Collar
17:08 Wheelbarrow
19:23 Bow Saw
20:19 Heavy Plow
21:21 Hand Cart
24:40 Gold Mining
24:43 Stone Mining
28:21 Imperial Age
25:39 Loom
25:39 Town Watch
26:15 Scale Barding Armor
26:21 Forging
26:50 Bloodlines
29:14 Chain Barding Armor
29:30 Iron Casting
28:43 Cavalier
32:30 Crenellations
32:31 Conscription
33:48 Plate Barding Armor
33:04 Fletching
36:55 Blast Furnace
35:51 Bodkin Arrow
37:40 Coinage
40:45 Stone Shaft Mining
40:07 Paladin
40:48 Capped Ram
45:36 Chemistry
44:27 Guard Tower
44:47 Fortified Wall
47:54 Keep
47:30 Masonry
candres11.cruz
2:34 Loom
10:53 Feudal Age
11:38 Double-Bit Axe
13:21 Horse Collar
18:26 Castle Age
22:44 Wheelbarrow
22:13 Caravan
23:28 Fletching
24:40 Forging
25:55 Bow Saw
25:48 Heavy Plow
29:12 Chemistry
29:22 Bodkin Arrow
34:54 Imperial Age
32:44 Hand Cart
32:42 Town Watch
34:06 Padded Archer Armor
34:12 Scale Barding Armor
34:43 Iron Casting
34:08 Scale Mail Armor
35:08 Elite Skirmisher
36:40 Wagenburg Tactics
38:27 Houfnice
39:20 Cavalier
40:00 Husbandry
39:22 Light Cavalry
40:47 Town Patrol
40:50 Bracer
41:07 Chain Mail Armor
41:53 Blast Furnace
41:05 Elite Hussite Wagon
47:50 Chain Barding Armor
47:46 Leather Archer Armor
坦诚哥
11:27 Feudal Age
16:02 Castle Age
14:21 Double-Bit Axe
15:12 Stone Mining
17:04 Wheelbarrow
16:25 Loom
17:16 Wheelbarrow
16:42 Gold Mining
20:46 Scale Mail Armor
22:02 Arson
22:17 Squires
24:04 Fletching
24:24 Forging
24:23 Horse Collar
25:20 Bow Saw
26:10 Forging
28:23 Chain Mail Armor
28:44 Iron Casting
31:12 Man-at-Arms
32:28 Long Swordsman
34:08 Hand Cart
35:41 Heavy Plow
36:29 Fortified Wall
40:46 Imperial Age
39:45 Masonry
40:57 Town Watch
40:50 Two-Handed Swordsman
42:05 Plate Mail Armor
41:20 Elite Gbeto
42:19 Guilds
43:02 Conscription
42:28 Champion
47:52 Town Patrol
48:01 Scale Barding Armor
48:29 Architecture
48:20 Ballistics
49:00 Chemistry
48:11 Careening
48:00 Murder Holes
48:40 Crop Rotation
49:05 Farimba
49:27 Chain Barding Armor
joshua.reynolds
11:13 Feudal Age
15:41 Castle Age
14:18 Horse Collar
14:26 Double-Bit Axe
15:15 Gold Mining
16:34 Loom
18:01 Fletching
28:07 Bodkin Arrow
30:20 Town Watch
MommaKat
2:52 Loom
2:59 Loom
11:14 Feudal Age
12:56 Wheelbarrow
18:08 Castle Age
17:50 Horse Collar
17:59 Double-Bit Axe
19:34 Squires
20:03 Town Watch
20:23 Caravan
20:48 Stone Mining
22:17 Hand Cart
22:21 Bow Saw
25:49 Bloodlines
26:55 Forging
26:46 Scale Mail Armor
26:52 Scale Barding Armor
28:03 Fletching
32:00 Elite Skirmisher
34:07 Iron Casting
35:48 Masonry
37:26 Gold Mining
41:34 Chain Mail Armor
42:22 Chain Barding Armor
42:57 Pikeman
43:25 Gambesons
44:23 Ballistics
45:26 Heavy Plow
48:38 Imperial Age
46:39 Guard Tower
LeeroyJenkins
11:55 Feudal Age
15:54 Castle Age
15:10 Double-Bit Axe
15:18 Gold Mining
20:56 Imperial Age
37:42 Fletching
42:31 Heavy Camel Rider
43:22 Bloodlines
43:13 Husbandry
44:59 Scale Barding Armor
djcybermyth
9:52 Loom
11:38 Feudal Age
16:15 Castle Age
14:01 Horse Collar
14:10 Double-Bit Axe
15:53 Scale Mail Armor
16:03 Forging
15:59 Fletching
16:18 Padded Archer Armor
17:05 Man-at-Arms
17:47 Squires
22:42 Long Swordsman
25:32 Chain Mail Armor
29:08 Bodkin Arrow
29:49 Iron Casting
29:47 Arson
30:15 Pikeman
35:05 Wheelbarrow
38:56 Town Watch
43:47 Leather Archer Armor
46:40 Imperial Age
46:43 Two-Handed Swordsman
49:15 Plate Mail Armor
50:12 Bracer
Connection lost

Rejoining the realm…

Still unreachable

The connection could not be restored.

Session expired

The server has moved on; the page needs a fresh start.